 Dungeon Crawl Stone Soup version 0.17.1-3-g152610e (webtiles) character file.

1239 Goblin1989 the Purveyor of Pain (level 8, 0/61 HPs)
             Began as a Demonspawn Necromancer on Mar 10, 2016.
             Was an Initiate of Kikubaaqudgha.
             Killed from afar by an orc wizard (10 damage)
             ... with a magic dart
             ... on level 6 of the Dungeon.
             The game lasted 00:30:52 (6582 turns).

Goblin1989 the Purveyor of Pain (DsNe)              Turns: 6582, Time: 00:30:52

Health: 0/61       AC:  8    Str: 14      XL:     8   Next: 25%
Magic:  11/11      EV: 17    Int: 18      God:    Kikubaaqudgha [......]
Gold:   369        SH:  0    Dex: 15 (19) Spells: 4 memorised, 2 levels left

rFire  . . .     SeeInvis .     d - +1 flail (crush)
rCold  . . .     Clarity  .     n - +1 ring mail
rNeg   . . .     SustAt   .     (no shield)
rPois  .         Gourm    .     (no helmet)
rElec  .         Spirit   .     g - +0 cloak
rCorr  .         Warding  .     (no gloves)
rMut   .         Stasis   .     k - +0 pair of boots
MR     .....                    (no amulet)
Stlth  ++........               (no ring)
                                h - ring of wizardry

@: mighty, agile, about to teleport, not resistant to hostile enchantments,
unstealthy
A: powered by death 1, powered by pain 1
a: Renounce Religion


You were on level 6 of the Dungeon.
You worshipped Kikubaaqudgha.
Kikubaaqudgha was noncommittal.
You were not hungry.

You visited 2 branches of the dungeon, and saw 7 of its levels.

You collected 369 gold pieces.

Inventory:

Hand Weapons
 d - a +1 flail of crushing (weapon)
 q - a +2 quarterstaff of protection
Missiles
 u - a throwing net (quivered)
Armour
 g - a +0 cloak (worn)
 j - the cursed +0 ice dragon armour of the Rabble {rF- rC++ Str+7 Int+4 Stlth+, unknown}
   (You found it on level 6 of the Dungeon)

   It affects your strength (+7).
   It affects your intelligence (+4).
   It makes you vulnerable to fire.
   It greatly protects you from cold.
   It makes you more stealthy.
   It has a curse placed upon it.
 k - a +0 pair of boots (worn)
 n - a +1 ring mail (worn)
Jewellery
 h - a ring of wizardry (left hand)
Wands
 p - a wand of slowing (21)
 r - a wand of teleportation (4)
 v - a wand of frost (30)
Scrolls
 a - a scroll of fear
 e - 2 scrolls of identify
 l - 2 scrolls of remove curse
 o - a scroll of teleportation
Potions
 i - 2 potions of brilliance
 w - a potion of curing
Books
 b - a book of Necromancy

   Spells                             Type                      Level
   a - Pain                           Necromancy                   1
   b - Animate Skeleton               Necromancy                   1
   c - Vampiric Draining              Necromancy                   3
   d - Regeneration                   Charms/Necromancy            3
   e - Animate Dead                   Necromancy                   4
   f - Control Undead                 Necromancy                   4
Comestibles
 c - 4 bread rations
 f - 3 fruits
 s - 2 chunks of flesh
 t - 2 meat rations


   Skills:
 + Level 4.4 Fighting
 * Level 4.0 Maces & Flails
 + Level 2.1 Armour
 + Level 3.1 Dodging
 - Level 1.7 Stealth
 - Level 2.2 Spellcasting
 + Level 3.0 Charms
 - Level 7.0 Necromancy


You had 2 spell levels left.
You knew the following spells:

 Your Spells              Type           Power        Failure   Level  Hunger
a - Pain                  Necr           ####         1%          1    #......
b - Animate Skeleton      Necr           N/A          1%          1    #......
c - Regeneration          Chrm/Necr      ###.......   6%          3    ###....
d - Animate Dead          Necr           N/A          9%          4    #####..


Dungeon Overview and Level Annotations

Branches:
Dungeon (6/15)             Temple (1/1) D:6

Altars:
Ashenzari
Cheibriados
Dithmenos
Elyvilon
Fedhas
Gozag
Kikubaaqudgha
Makhleb
Nemelex Xobeh
Qazlal
Ru
Sif Muna
Trog
Vehumet
Xom
Yredelemnul
Zin
The Shining One

Annotations:
D:4 Dowan, Duvessa, Menkaure


Innate Abilities, Weirdness & Mutations

You regenerate a little health from kills.
You sometimes gain a little power by taking damage.


Message History

* * * LOW HITPOINT WARNING * * *
You focus on the pain.
You feel very mighty all of a sudden.
The orc wizard casts a spell.
The orc wizard seems to speed up.
The orc wizard casts a spell.
The orc wizard blinks!
The orc wizard casts a spell at you. The magic dart hits you!
* * * LOW HITPOINT WARNING * * *
Drink which item? (? for menu, Esc to quit)
Okay, then.
Evoke which item? (* to show all) (? for menu, Esc to quit)
Zapping:
r - a wand of teleportation (5)
Press: ? - help, Shift-Dir - straight line, f - you You feel strangely unstable.
This wand has 4 charges left.
The orc wizard points at you and mumbles some strange words.
The magic dart hits you!
You die...
Kikubaaqudgha rasps: "You have failed me!
Welcome... death!"

..................#
##############+##.#
#......#####.##.#####
#......'.............
#......#####.##.#####
#......# #.##.#
#.o....# #.##.#####
#......# #.........
#...@..########'#####
#......##.........#
#...o..#..........##
###o####...........#
#o# #...........#
#..S# #.######....#
#..o# #.# #....#
#...+ #.# #....#
#...# #.######....##


You could see an orc warrior, an orc wizard, an adder and 3 orcs.

Vanquished Creatures
  Eustachio (D:6)
  An orc warrior (D:6)
  The ghost of bollicks1999 the Covered, an amateur MiFi (D:3)
  A sky beast (D:6)
  3 scorpions (D:4)
  A water moccasin skeleton (D:6)
  A crimson imp (D:6)
  3 hounds
  A giant frog zombie (D:5)
  A centaur skeleton (D:5)
  A jelly (D:5)
  A giant frog skeleton (D:6)
  An iguana (D:6)
  Natasha (twice) (D:4)
  A hound skeleton (D:4)
  12 adders
  6 gnolls
  An ooze (D:1)
  2 adder skeletons
  7 worms
  7 giant geckos
  7 orcs
  7 giant cockroaches
  7 goblins
  8 hobgoblins
  8 kobolds
  2 quokkas
  4 bats
  A giant cockroach zombie (D:6)
  A giant gecko zombie (D:6)
  3 giant newts
  7 rats
110 creatures vanquished.

Vanquished Creatures (collateral kills)
  2 orc priests
  An ooze (D:1)
  A rat (D:3)
4 creatures vanquished.

Grand Total: 114 creatures vanquished

Notes
Turn   | Place    | Note
--------------------------------------------------------------
     0 | D:1      | Goblin1989 the Demonspawn Necromancer began the quest for the Orb.
     0 | D:1      | Reached XP level 1. HP: 13/13 MP: 3/3
   566 | D:1      | Gained mutation: You regenerate a little health from kills. [demonic ancestry]
   566 | D:1      | Reached XP level 2. HP: 11/19 MP: 1/5
   961 | D:1      | Learned a level 1 spell: Animate Skeleton
   988 | D:1      | Reached skill level 5 in Necromancy
  1489 | D:1      | Reached XP level 3. HP: 17/24 MP: 6/6
  2064 | D:2      | Gained mutation: You sometimes gain a little power by taking damage. [demonic ancestry]
  2064 | D:2      | Reached XP level 4. HP: 29/31 MP: 4/7
  2283 | D:2      | Reached skill level 1 in Fighting
  2340 | D:3      | Reached skill level 6 in Necromancy
  2480 | D:3      | Noticed bollicks1999's ghost (amateur MiFi)
  2578 | D:3      | Reached XP level 5. HP: 12/38 MP: 1/8
  3073 | D:2      | Learned a level 3 spell: Regeneration
  3074 | D:3      | Found an opulent altar of Gozag.
  3200 | D:3      | Reached skill level 1 in Charms
  3220 | D:3      | Killed bollicks1999's ghost
  3220 | D:3      | Reached XP level 6. HP: 47/47 MP: 6/9
  3823 | D:4      | Noticed Menkaure
  4004 | D:4      | Noticed Natasha
  4019 | D:4      | Killed Natasha
  4049 | D:4      | Reached skill level 1 in Maces & Flails
  4055 | D:4      | Learned a level 4 spell: Animate Dead
  4664 | D:4      | Noticed Natasha
  4667 | D:4      | Killed Natasha
  4667 | D:4      | Reached XP level 7. HP: 35/53 MP: 6/10
  4715 | D:4      | Noticed Duvessa
  4719 | D:4      | Noticed Dowan
  4914 | D:5      | Entered Level 5 of the Dungeon
  5043 | D:5      | Reached skill level 1 in Armour
  5591 | D:6      | Noticed Eustachio
  5686 | D:6      | Killed Eustachio
  5756 | D:6      | Found a staircase to the Ecumenical Temple.
  5768 | Temple   | Entered the Ecumenical Temple
  5872 | Temple   | Became a worshipper of Kikubaaqudgha
  5906 | D:6      | Your ally Eustachio died
  5929 | D:6      | Reached skill level 7 in Necromancy
  6022 | D:6      | Got a transparent ice dragon armour
  6055 | D:6      | Reached XP level 8. HP: 34/60 MP: 11/11
  6582 | D:6      | Killed from afar by an orc wizard

Action                   |  1- 3 |  4- 6 |  7- 9 || total
-------------------------+-------+-------+-------++-------
Melee: Unarmed           |    23 |       |       ||    23
       Club              |    28 |       |       ||    28
       Whip              |    13 |     1 |       ||    14
       Quarterstaff      |       |    82 |       ||    82
       Flail             |       |    54 |   211 ||   265
 Cast: Pain              |    56 |    60 |    10 ||   126
       Animate Skeleton  |     6 |    14 |     7 ||    27
       Regeneration      |       |     1 |     2 ||     3
       Animate Dead      |       |       |     2 ||     2
Evoke: Wand              |       |    13 |     1 ||    14
  Use: Potion            |       |     5 |     3 ||     8
       Scroll            |       |     7 |     1 ||     8
 Stab: Distracted        |     1 |       |     1 ||     2
       Sleeping          |     1 |     2 |       ||     3
       Invisible         |       |     2 |     3 ||     5
  Eat: Chunk             |     4 |     7 |     5 ||    16
       Meat ration       |       |     1 |       ||     1
       Pizza             |       |       |     1 ||     1
